 Dungeon Crawl Stone Soup version 0.31-a0-848-gaac375c287 (webtiles) character file.

Game seed: 4232757368885794567

422 javelincjr the Changeling (level 6, 0/82 HPs)
             Began as a Troll Shapeshifter on Oct 4, 2023.
             Was a Believer of Trog.
             Slain by a wraith (9 damage)
             ... in an ossuary.
             The game lasted 00:14:02 (2704 turns).

javelincjr the Changeling (Troll Shapeshifter)      Turns: 2704, Time: 00:14:02

Health: 0/82       AC: 27    Str: 25    XL:     6   Next: 63%
Magic:  5/5        EV:  1    Int:  6    God:    Trog [**....]
Gold:   192        SH:  5    Dex:  9    Spells: 5/5 levels left

rFire   . . .        l - +2 dagger (vamp)
rCold   . . .        (no shield)
rNeg    . . .        a - melded +0 animal skin
rPois   +            (helmet currently unavailable)
rElec   .            (cloak currently unavailable)
rCorr   .            (gloves unavailable)
SInv    .            (boots unavailable)
Will    +....        j - amulet of reflection
Stlth   +            w - +4 ring of protection
HPRegen 1.13/turn    r - ring of flight
MPRegen 0.09/turn

%: reflection
@: tree-form, enlightened, slowed, very slow
A: stationary, stasis, torment immunity, boosted hp, large, unfitting armour,
(claws 3), regeneration 1, (shaggy fur 1), (tough skin 1)
a: Renounce Religion, Berserk, Trog's Hand


You were in an ossuary.
You worshipped Trog.
Trog was pleased with you.
You were a tree.
You visited 1 branch of the dungeon, and saw 4 of its levels.
You also visited: Ossuary.

You collected 192 gold pieces.

Inventory:

Hand Weapons
 l - a +2 vampiric dagger (weapon)
 x - a +3 hand axe of draining
Missiles
 u - 18 stones
Armour
 a - a +0 animal skin (melded)
Jewellery
 j - an amulet of reflection (around neck)
 q - a ring of resist corrosion
 r - a ring of flight (right branch)
 w - a +4 ring of protection (left branch)
 y - an amulet of the acrobat
Talismans
 c - a beast talisman
 d - a flux talisman
 s - a serpent talisman
Wands
 p - a wand of paralysis (14)
Scrolls
 e - 3 scrolls of poison {unknown}
 f - 6 scrolls of identify {unknown}
 h - 2 scrolls of noise {unknown}
 n - 2 scrolls of immolation {unknown}
 o - a scroll of fog {unknown}
 t - a scroll of amnesia {unknown}
 z - a scroll of blinking {unknown}
Potions
 b - 2 potions of lignification
 g - 2 potions of enlightenment
 i - a potion of haste {unknown}
 k - a potion of mutation {unknown}
 m - a potion of attraction {unknown}
 v - a potion of magic {unknown}
 A - a potion of curing {unknown}


   Skills:
 - Level 1.2 Fighting
 - Level 1.9 Dodging
 - Level 3.2 Unarmed Combat
 + Level 6.6 Shapeshifting


You had 5 spell levels left.
You didn't know any spells.
Your spell library was empty.

Dungeon Overview and Level Annotations

Branches:
Dungeon (4/15)            Ossuary (1/1)
 Temple: D:4-7

Altars:
Trog

Annotations:
D:4 Eustachio


Innate Abilities, Weirdness & Mutations

You are a tree.
Your roots penetrate the ground, keeping you stationary.
You cannot be teleported.
You are immune to unholy pain and torment.
Your maximum health is greatly increased.
Your equipment is partially melded.
You are too large for most types of armour.
((You have claws for hands.))
Your natural rate of healing is unusually fast.
((You are covered in fur. (AC +1)))
((You have tough skin. (AC +1)))


Message History

The wraith barely misses you. The wraith hits you.
The wraith drains your vigour!
You feel as though you will be slow longer.
You barely miss the wraith.
The wraith is severely damaged.
The wraith hits you!
You hit the wraith.
The wraith is severely damaged.
The wraith barely misses you. The wraith hits you!
The wraith drains your vigour!
You feel as though you will be slow longer.
You hit the wraith but do no damage.
The wraith is severely damaged.
The wraith hits you.
You hit the wraith.
The wraith is severely damaged.
The wraith hits you.
* * * LOW HITPOINT WARNING * * *
The wraith hits you!
* * * LOW HITPOINT WARNING * * *
Your transformation has ended.
You turn into a tree.
Your +0 animal skin melds into your body.
Your roots penetrate the ground.
The wraith hits you but does no damage.
You barely miss the wraith.
The wraith is severely damaged.
The wraith hits you but does no damage. The wraith hits you.
* * * LOW HITPOINT WARNING * * *
The wraith drains your vigour!
You feel as though you will be slow longer.
You hit the wraith but do no damage.
The wraith is severely damaged.
The wraith hits you!
* * * LOW HITPOINT WARNING * * *
You barely miss the wraith.
The wraith is severely damaged.
The wraith hits you but does no damage. You block the wraith's attack.
It was a potion of enlightenment.
Your roots keep you in place.
The wraith hits you!
You die...

##########################
.........................#
.........................#
###..###..###..###..###..#
#.#..#.#..#.#..#=#..#.#..#
#'#..#'#..#'#..#W#..#'#..#
#.#..#.#..#.#..#♣#..#.#..#
.........................#
.........................#
####......###......####..#
#.'...8...#.#...8...+ #..#
####......#'#......####..#
..........#.#............#
.........................#
####.####.....####.####..#


You could see a wraith.

Vanquished Creatures
  An ice beast (D:3)
  2 orc priests
  2 orc wizards (D:3)
  3 mummies
  3 adders (D:2)
  A gnoll (D:1)
  2 dart slugs
  16 orcs
  10 endoplasms
  4 giant cockroaches
  7 goblins
  6 hobgoblins
  8 jackals
  8 kobolds
  3 quokkas
  10 ball pythons
  8 bats
  A frilled lizard (D:2)
  A gnoll zombie (Ossuary)
  5 goblin zombies (Ossuary)
  4 hobgoblin zombies (Ossuary)
  A kobold zombie (Ossuary)
  An orc zombie (Ossuary)
  4 rats
111 creatures vanquished.

Vanquished Creatures (others)
  An orc wizard (D:3)
1 creature vanquished.

Grand Total: 112 creatures vanquished

Notes
Turn   | Place    | Note
-------+----------+-------------------------------------------
     0 | D:1      | javelincjr the Troll Shapeshifter began the quest for the
                  | Orb.
     0 | D:1      | Reached XP level 1. HP: 18/18 MP: 0/0
    52 | D:1      | Reached skill level 1 in Fighting
    69 | D:1      | Reached XP level 2. HP: 19/27 MP: 1/1
   131 | D:1      | Reached XP level 3. HP: 32/33 MP: 2/2
   523 | D:2      | Reached skill level 4 in Shapeshifting
   523 | D:2      | Reached XP level 4. HP: 34/41 MP: 3/3
   695 | D:2      | Found a bloodstained altar of Trog.
   714 | D:2      | Became a worshipper of Trog the Wrathful
  1539 | D:3      | Noticed an ice beast
  1565 | D:3      | Killed an ice beast
  1566 | D:3      | Reached skill level 5 in Shapeshifting
  1566 | D:3      | Reached XP level 5. HP: 34/48 MP: 4/4
  1620 | D:3      | Reached XP level 6. HP: 45/55 MP: 5/5
  1942 | D:3      | Reached * piety under Trog
  1945 | D:3      | Reached skill level 6 in Shapeshifting
  1985 | D:3      | Identified the +5 ring mail of Hopiofurut {Fly rCorr Int+3}
  2391 | D:4      | Noticed Eustachio
  2398 | D:4      | Found a sand-covered staircase.
  2412 | Ossuary  | Entered an ossuary
  2412 | Ossuary  | Noticed a wraith
  2412 | Ossuary  | Noticed a wraith
  2412 | Ossuary  | Noticed a wraith
  2525 | Ossuary  | Reached ** piety under Trog
  2679 | Ossuary  | Noticed a wraith
  2704 | Ossuary  | Slain by a wraith

Illustrated notes

Levels and vault maps discovered:
D:1:      lemuel_arrival_hallway, layout_rooms
D:2:      layout_basic, basic_altar
D:3:      layout_basic
D:4:      layout_loops_ring, gup_ossuary_entry_pyramid, serial_shops, shop,
          moated_statue, minivault_4, skrybe_limestone_x, uniq_blork_the_orc,
          uniq_eustachio, uniq_edmund
Ossuary:  ossuary_kennysheep_city_of_the_dead

Skill      XL: |  1  2  3  4  5  6 |
---------------+-------------------+-----
Fighting       | 1 |  1.2
Shapeshifting  | 4 5 6 |  6.6
Dodging        | |  1.9
Unarmed Combat | |  3.2

Action                     |  1- 3 |  4- 6 || total
---------------------------+-------+-------++-------
  Melee: Unarmed           |    90 |    30 ||   120
         Punch             |     1 |    12 ||    13
         Dagger            |       |   271 ||   271
 Invoke: Berserk           |       |     1 ||     1
    Use: Potion            |       |     2 ||     2
   Stab: Sleeping          |       |     1 ||     1
 Armour: Animal skin       |    74 |   177 ||   251
         Skin              |       |     6 ||     6
  Dodge: Dodged            |    44 |   105 ||   149
  Block: Other             |       |    67 ||    67
         Reflection        |       |     1 ||     1

Table legend: (Time is in decaauts)
 A = Elapsed time spent in this place.
 B = Non-inter-level travel time spent in this place.
 C = Inter-level travel time spent in this place.
 D = Time resting spent in this place.
 E = Time spent auto-exploring this place.
 F = Levels seen in this place.
 G = Mean time per level.
                   A        B        C        D        E       F      G
               +--------+--------+--------+--------+--------+-----+--------+
         Total |   2709 |   2644 |     65 |      0 |   1826 |   5 |  541.8 |
       Dungeon |   2409 |   2344 |     65 |      0 |   1675 |   4 |  602.2 |
       Ossuary |    300 |    300 |      0 |      0 |    151 |   1 |  300.0 |
               +--------+--------+--------+--------+--------+-----+--------+

Top non-repeatable levels by time:
     D:2: 941 daAuts
     D:3: 829 daAuts
     D:1: 497 daAuts
 Ossuary: 300 daAuts
     D:4: 140 daAuts
